 Dungeon Crawl Stone Soup version 0.26.1-11-gd32895ea62 (webtiles) character file.

Game seed: 8545283959587633722

68 Almogavar the Stinger (level 4, -7/32 HPs)
             Began as a Gnoll Wanderer on Apr 30, 2021.
             Mangled by a large abomination (33 damage)
             ... on level 1 of the Abyss.
             The game lasted 00:05:51 (2240 turns).

Almogavar the Stinger (Gnoll Wanderer)              Turns: 2240, Time: 00:05:51

Health: -7/32      AC:  8    Str: 17    XL:     4   Next: 19%
Magic:  8/8        EV:  8    Int: 16    God:
Gold:   62         SH:  0    Dex: 11    Spells: 7/8 levels left

rFire    . . .     SeeInvis .   a - +2 spear
rCold    . . .     Faith    .   (no shield)
rNeg     . . .     Spirit   .   c - +0 chain mail
rPois    .         Reflect  .   (no helmet)
rElec    .         Harm     .   (no cloak)
rCorr    .         Rampage  .   (no gloves)
Will     .....                  (no boots)
Stlth    ..........             (no amulet)
HPRegen  0.10/turn              (no ring)
MPRegen  0.11/turn              (no ring)

@: brilliant
A: distributed training, fangs 1, strong nose
a: no special abilities


You were on level 1 of the Abyss.
You visited 1 branch of the dungeon, and saw 2 of its levels.
You visited the Abyss 1 time.

You collected 62 gold pieces.

Inventory:

Hand Weapons
 a - a +2 spear (weapon)
 k - a +0 hunting sling
Missiles
 i - 2 stones (quivered)
 n - 44 arrows
Armour
 b - a +0 tower shield
 c - a +0 chain mail (worn)
 j - a +0 buckler
Scrolls
 e - a scroll of remove curse
 f - a scroll of fear
 h - a scroll of immolation {unknown}
 m - a scroll of teleportation {unknown}
Potions
 d - a potion of heal wounds {unknown}
 g - a potion of attraction {unknown}
 l - a potion of brilliance


   Skills:
 + Level 1.0 Fighting
 + Level 1.0 Short Blades
 + Level 1.0 Long Blades
 + Level 1.0 Axes
 + Level 1.0 Maces & Flails
 + Level 2.7 Polearms
 + Level 1.0 Staves
 + Level 1.0 Slings
 + Level 1.0 Bows
 + Level 1.0 Crossbows
 + Level 2.7 Throwing
 + Level 1.0 Armour
 + Level 4.6 Dodging
 + Level 1.0 Stealth
 + Level 2.7 Shields
 + Level 1.0 Unarmed Combat
 + Level 2.9 Spellcasting
 + Level 2.2 Conjurations
 + Level 0.8 Hexes
 + Level 0.8 Summonings
 + Level 0.8 Necromancy
 + Level 0.8 Translocations
 + Level 0.8 Transmutations
 + Level 0.8 Fire Magic
 + Level 0.8 Ice Magic
 + Level 0.8 Air Magic
 + Level 0.8 Earth Magic
 + Level 5.4 Poison Magic
 + Level 1.1 Invocations
 + Level 1.0 Evocations


You had 7 spell levels left.
You knew the following spells:

 Your Spells              Type           Power        Failure   Level
a - Sting                 Tmut/Pois      72%          65%         1

Your spell library contained the following spells:

 Spells                   Type           Power        Failure   Level
 Animate Skeleton         Necr           14%          93%         1
 Mephitic Cloud           Conj/Pois/Air  17%          97%         3
 Vampiric Draining        Necr           3%           100%        3


Dungeon Overview and Level Annotations

Branches:
Dungeon (2/15)

Altars:
Ru

Annotations:
D:2 Crazy Yiuf


Innate Abilities, Weirdness & Mutations

Your experience applies equally to all skills.
You have very sharp teeth.
Your uncanny sense of smell can sniff out nearby items.


Message History

You are cast into the Abyss!
To return, you must find a gate leading back.
Killing monsters will force the Abyss to allow you passage.
This branch contains the abyssal rune of Zot.
A large abomination comes into view.
There is an open translucent door here.
A large abomination comes into view.
Found 22 stones.
You hit the large abomination.
The large abomination is lightly damaged.
The large abomination hits you but does no damage.
You barely miss the large abomination.
You bite the large abomination, but do no damage.
The large abomination is lightly damaged.
The large abomination barely misses you.
It was a potion of brilliance.
You feel clever all of a sudden. The large abomination hits you!!
Ouch! That really hurt!
You die...

. . .. ##. (.
.. #.##
#####♣
##....#
♣♣#...#.....#
♣.'.. ##.#
....#
.♣#..##X##
...♣.♣♣
#####♣@# ∆
♣##


You could see a large abomination.

Vanquished Creatures
  2 adders (D:2)
  2 worms (D:2)
  2 dart slugs
  An orc (D:2)
  3 bats
  3 giant cockroaches
  6 goblins
  4 hobgoblins
  2 jackals (D:2)
  5 frilled lizards
  6 kobolds
  5 rats
41 creatures vanquished.

Notes
Turn   | Place    | Note
-------+----------+-------------------------------------------
     0 | D:1      | Almogavar the Gnoll Wanderer began the quest for the Orb.
     0 | D:1      | Almogavar set off with the following items: a +2 spear, a
                  | +0 robe; and the following spells available to memorise:
                  | Sting, Animate Skeleton, Mephitic Cloud, Vampiric Draining
     0 | D:1      | Reached XP level 1. HP: 13/13 MP: 4/4
     2 | D:1      | Learned a level 1 spell: Sting
   331 | D:1      | Reached XP level 2. HP: 19/19 MP: 5/5
   778 | D:1      | Reached XP level 3. HP: 25/25 MP: 7/7
   995 | D:2      | Found a runed translucent door.
   996 | D:2      | Noticed Crazy Yiuf
  1168 | D:2      | Reached skill level 1 in Invocations
  1277 | D:2      | Reached skill level 1 in Fighting
  1277 | D:2      | Reached skill level 1 in Short Blades
  1277 | D:2      | Reached skill level 1 in Long Blades
  1277 | D:2      | Reached skill level 1 in Axes
  1277 | D:2      | Reached skill level 1 in Maces & Flails
  1277 | D:2      | Reached skill level 1 in Staves
  1277 | D:2      | Reached skill level 1 in Slings
  1277 | D:2      | Reached skill level 1 in Bows
  1277 | D:2      | Reached skill level 1 in Crossbows
  1277 | D:2      | Reached skill level 1 in Armour
  1277 | D:2      | Reached skill level 1 in Stealth
  1277 | D:2      | Reached skill level 1 in Unarmed Combat
  1277 | D:2      | Reached skill level 1 in Evocations
  1424 | D:2      | Reached XP level 4. HP: 23/32 MP: 8/8
  2081 | D:2      | Found a sacrificial altar of Ru.
  2181 | D:2      | Cast into level 1 of the Abyss (Crazy Yiuf)
  2228 | Abyss:1  | Noticed a large abomination
  2233 | Abyss:1  | Noticed a large abomination
  2240 | Abyss:1  | Mangled by a large abomination

Illustrated notes

Levels and vault maps discovered:
D:1:      dpeg_arrival_windows_large_door, layout_loops_ring
D:2:      layout_basic, general_overflow_altar, uniq_crazy_yiuf_cottage
Abyss:1:  base:
D:1

Skill      XL: |  1  2  3 |
---------------+----------+-----
Conjurations   | 2 |  2.2
Invocations    | 1 |  1.1
Fighting       | 1 |  1.0
Short Blades   | 1 |  1.0
Long Blades    | 1 |  1.0
Axes           | 1 |  1.0
Maces & Flails | 1 |  1.0
Staves         | 1 |  1.0
Slings         | 1 |  1.0
Bows           | 1 |  1.0
Crossbows      | 1 |  1.0
Armour         | 1 |  1.0
Stealth        | 1 |  1.0
Unarmed Combat | 1 |  1.0
Evocations     | 1 |  1.0
Polearms       | |  2.7
Throwing       | |  2.7
Dodging        | |  4.6
Shields        | |  2.7
Spellcasting   | |  2.9
Hexes          | |  0.8
Summonings     | |  0.8
Necromancy     | |  0.8
Translocations | |  0.8
Transmutations | |  0.8
Fire Magic     | |  0.8
Ice Magic      | |  0.8
Air Magic      | |  0.8
Earth Magic    | |  0.8
Poison Magic   | |  5.4

Action                   |  1- 3 |  4- 6 || total
-------------------------+-------+-------++-------
Melee: Spear             |   140 |    20 ||   160
       Bite              |     4 |     2 ||     6
 Fire: Hunting sling     |     4 |       ||     4
 Cast: Sting             |     4 |       ||     4
  Use: Scroll            |     3 |       ||     3
       Potion            |       |     1 ||     1
Armor: Chain mail        |    47 |     4 ||    51
Dodge: Dodged            |    28 |     5 ||    33
